 Dungeon Crawl Stone Soup version 0.31.0-11-ge490571c62 (webtiles) character file.

Game seed: 6909425531773474321

168 qw the Skirmisher (level 5, -1/20 (29) HPs)
             Began as a Deep Elf Hunter on Feb 4, 2024.
             Slain by Edmund
             ... wielding a +3 flail of draining
              (5 damage)
             ... on level 4 of the Dungeon.
             The game lasted 00:00:15 (2120 turns).

qw the Skirmisher (Deep Elf Hunter)                 Turns: 2120, Time: 00:00:15

HP:   -1/20 (29)    AC: 10    Str:  9 (10) XL:     5   Next: 23%
MP:   7/7           EV: 16    Int: 11 (14) God:
Gold: 157           SH:  0    Dex: 23 (24) Spells: 4/4 levels left

rFire   . . .        a - +1 shortbow
rCold   . . .        (shield currently unavailable)
rNeg    . . .        b - +0 ring mail
rPois   .            (no helmet)
rElec   .            i - +2 cloak
rCorr   .            (no gloves)
SInv    .            d - +1 pair of boots
Will    .....        (no amulet)
Stlth   ++           e - +5 ring of evasion
HPRegen 0.23/turn    g - +6 ring of dexterity
MPRegen 0.10/turn

%: no passive effects
@: very heavily drained
A: no striking features
a: no special abilities


You were on level 4 of the Dungeon.
You visited 2 branches of the dungeon, and saw 5 of its levels.

You collected 157 gold pieces.


   Skills:
 - Level 1.5 Fighting
 + Level 8.5 Ranged Weapons
 - Level 2.8 Dodging
 - Level 1.2 Stealth


You had 4 spell levels left.
You didn't know any spells.
Your spell library was empty.

Inventory:

Hand Weapons
 a - a +1 shortbow (weapon)
Armour
 b - a +0 ring mail (worn)
 d - a +1 pair of boots (worn)
 i - a +2 cloak (worn)
Jewellery
 e - a +5 ring of evasion (left hand)
 g - a +6 ring of dexterity (right hand)
Potions
 f - a potion of curing
 n - a potion of resistance {unknown}

Dungeon Overview and Level Annotations

Branches:
Dungeon (4/15)             Temple (1/1) D:4

Altars:
Ashenzari
Cheibriados
Dithmenos
Elyvilon
Fedhas
Hepliaklqana
Kikubaaqudgha
Makhleb
Nemelex Xobeh
Qazlal
Sif Muna
Trog
Uskayaw
Vehumet
Wu Jian
Yredelemnul
Zin
The Shining One

Annotations:
D:4 Edmund


Message History

Edmund hits you with a +3 flail of draining.
You feel drained.
You shoot an arrow. The arrow barely misses Edmund.
Edmund hits you but does no damage.
You feel drained.
Edmund hits you with a +3 flail of draining!
You feel drained.
You shoot an arrow.
The arrow hits Edmund but does no damage.
Edmund is heavily wounded.
Edmund hits you with a +3 flail of draining!
You feel drained.
You shoot an arrow. The arrow hits Edmund.
Edmund is heavily wounded.
Edmund barely misses you.
You shoot an arrow.
The arrow hits Edmund but does no damage.
Edmund is heavily wounded.
Edmund completely misses you.
You shoot an arrow. The arrow barely misses Edmund.
Edmund barely misses you.
You shoot an arrow. The arrow hits Edmund.
Edmund is heavily wounded.
Edmund barely misses you.
You shoot an arrow. The arrow hits Edmund.
Edmund is severely wounded.
Edmund hits you but does no damage.
You feel drained.
You shoot an arrow. The arrow barely misses Edmund.
Edmund misses you.
Edmund hits you with a +3 flail of draining.
You feel drained.
You shoot an arrow.
The arrow hits Edmund but does no damage.
Edmund is severely wounded.
Edmund hits you but does no damage.
You feel drained.
You shoot an arrow. The arrow hits Edmund!
Edmund is almost dead.
Edmund says, "A flail is better than a scythe, any day of the week!"
Edmund hits you with a +3 flail of draining.
You die...
Edmund says, "That'll show my brother!"

#.#...#.#.......
#..#............
#..<...#........
#.##.#..........
#.##.##.#.......
#.##.##.#####..@
#....##.# .#
####@# #@#
#.......#
#.#######


You could see Edmund.

Vanquished Creatures
  A howler monkey (D:4)
  Terence (D:3)
  4 adders (D:3)
  2 ribbon worms (D:3)
  2 orcs (D:3)
  4 ball pythons
  6 endoplasms
  3 giant cockroaches
  4 goblins
  5 hobgoblins
  4 jackals
  5 kobolds
  5 quokkas
  7 bats
  2 frilled lizards
  6 rats
61 creatures vanquished.

Notes
Turn   | Place    | Note
-------+----------+-------------------------------------------
     0 | D:1      | qw the Deep Elf Hunter began the quest for the Orb.
     0 | D:1      | Reached XP level 1. HP: 12/12 MP: 3/3
     0 | D:1      | 0 ||| qw: Version: 0.3-a-160-g6735b56
     0 | D:1      | 0 ||| qw: Game counter: 6041
     0 | D:1      | 0 ||| qw: Melee chars always use a shield: true
     0 | D:1      | 0 ||| qw: God list: Okawaru
     0 | D:1      | 0 ||| qw: Allow faded altars: false
     0 | D:1      | 0 ||| qw: Do Orc after clearing Dungeon:15 true
     0 | D:1      | 0 ||| qw: Do second Lair branch before Depths: true
     0 | D:1      | 0 ||| qw: Lair rune preference: random
     0 | D:1      | 0 ||| qw: Goals: Normal
     0 | D:1      | 0 ||| PLANNING D:1-11
    94 | D:1      | Reached XP level 2. HP: 16/16 MP: 4/4
    99 | D:1      | Reached skill level 6 in Ranged Weapons
   737 | D:1      | 737 ||| UPGRADING to +0 pair of boots.
   742 | D:1      | 742 ||| UPGRADING to +2 cloak.
   747 | D:1      | 747 ||| UPGRADING to +5 ring of evasion.
   748 | D:1      | 748 ||| UPGRADING to +6 ring of dexterity.
   749 | D:1      | 749 ||| READING scroll labelled VUREBO KUWO.
   750 | D:1      | 750 ||| READING scroll labelled BISEOKHLANI.
   750 | D:1      | 750 ||| IDENTIFYING metallic dark potion
   751 | D:1      | 751 ||| DRINKING 2 black potions.
   752 | D:1      | 752 ||| DROPPING scroll of butterflies.
   753 | D:1      | 753 ||| DROPPING potion of lignification.
   754 | D:1      | 754 ||| DROPPING potion of invisibility.
  1003 | D:2      | Reached XP level 3. HP: 20/20 MP: 5/5
  1203 | D:2      | 1203 ||| UPGRADING to +0 ring mail.
  1213 | D:2      | 1213 ||| DROPPING +0 leather armour.
  1214 | D:2      | 1214 ||| READING scroll labelled PEFIASTO EGADU.
  1214 | D:2      | 1214 ||| ENCHANTING +0 shortbow.
  1215 | D:2      | 1215 ||| READING scroll labelled BONWOBL PEUSH.
  1215 | D:2      | 1215 ||| ENCHANTING +0 pair of boots.
  1216 | D:2      | 1216 ||| READING scroll labelled MOSOUH RECISOU.
  1217 | D:2      | 1217 ||| READING scroll labelled XATEIT NIFYOMN.
  1218 | D:2      | 1218 ||| DRINKING 2 green potions.
  1219 | D:2      | 1219 ||| FLEEEEING.
  1220 | D:2      | 1220 ||| FLEEEEING.
  1221 | D:2      | 1221 ||| FLEEEEING.
  1222 | D:2      | 1222 ||| FLEEEEING.
  1223 | D:2      | 1223 ||| FLEEEEING.
  1224 | D:2      | 1224 ||| FLEEEEING.
  1225 | D:2      | 1225 ||| STAIRDANCE
  1327 | D:1      | 1327 ||| DROPPING potion of berserk rage.
  1403 | D:3      | Noticed Terence
  1411 | D:3      | Killed Terence
  1412 | D:3      | Reached skill level 7 in Ranged Weapons
  1470 | D:3      | Reached XP level 4. HP: 25/25 MP: 6/6
  1657 | D:3      | Reached skill level 8 in Ranged Weapons
  1919 | D:3      | 1919 ||| READING scroll labelled KAYMIDO LOARO.
  1920 | D:3      | 1920 ||| DRINKING 2 metallic cyan potions.
  1921 | D:3      | 1921 ||| DROPPING potion of degeneration.
  1923 | D:3      | 1923 ||| Stepping ~*~*~tactically~*~*~ (cloud).
  2020 | D:4      | Found a staircase to the Ecumenical Temple.
  2021 | D:4      | 2021 ||| PLANNING TEMPLE
  2021 | D:4      | 2021 ||| STAIRDANCE
  2025 | D:4      | 2025 ||| STAIRDANCE
  2052 | D:4      | 2052 ||| STAIRDANCE
  2071 | D:4      | 2071 ||| READING scroll of identify.
  2071 | D:4      | 2071 ||| IDENTIFYING amethyst potion
  2075 | Temple   | Entered the Ecumenical Temple
  2076 | Temple   | 2076 ||| PLANNING D:1-11
  2095 | D:4      | Noticed Edmund
  2096 | D:4      | 2096 ||| RETREEEEATING.
  2106 | D:4      | Reached XP level 5. HP: 29/29 MP: 7/7
  2112 | D:4      | HP: 3/24 [Edmund/+3 flail of draining (7)]
  2118 | D:4      | HP: 4/22 [Edmund/+3 flail of draining (1)]
  2120 | D:4      | Slain by Edmund

Levels and vault maps discovered:
D:1:      elethiomel_arrival_infinity_welcomes_careful_drivers,
          layout_loops_ring
D:2:      layout_basic
D:3:      layout_basic, minmay_cut_off, uniq_terence
D:4:      layout_loops_corners, okawaru_gym_becter, minmay_temple_entry_slanted,
          uniq_edmund
Temple:   nicolae_temple_panitentiary

Skill      XL: |  1  2  3  4 |
---------------+-------------+-----
Ranged Weapons | 6 7 8 |  8.5
Fighting       | |  1.5
Dodging        | |  2.8
Stealth        | |  1.2

Action                     |  1- 3 |  4- 6 || total
---------------------------+-------+-------++-------
   Fire: Shortbow          |   112 |    92 ||   204
    Use: Scroll            |     6 |     2 ||     8
         Potion            |     2 |     1 ||     3
 Armour: Leather armour    |     7 |       ||     7
         Ring mail         |     4 |    42 ||    46
  Dodge: Dodged            |    37 |    68 ||   105

Table legend:
 A = Non-vault XP
 B = Vault XP
 C = Vault XP percentage of total XP
 D = Non-vault monster count
 E = Vault monster count
 F = Vault count percentage of total count
                 A         B        C        D         E       F
            +---------+---------+-------+---------+---------+-------
      Total |     188 |      52 |  21.7 |      56 |       5 |   8.2
            +---------+---------+-------+---------+---------+-------
        D:1 |      22 |       0 |   0.0 |      13 |       0 |   0.0
        D:2 |      28 |       0 |   0.0 |      18 |       0 |   0.0
        D:3 |      80 |      52 |  39.4 |      22 |       5 |  18.5
        D:4 |      58 |       0 |   0.0 |       3 |       0 |   0.0
            +---------+---------+-------+---------+---------+-------
